AoeStats
← [Inkas'A] Q-NEO

Glade

510685332Analyzed
1v1 RM · 11h ago on Oct 2, 2026· 27m 20s· 2 players
Game mode
Random Map
Map size
Tiny (2 player)
Population
200
Speed
Normal
Resources
Standard
Victory
Conquest
Starting age
Dark Age
Ending age
Imperial Age
RankedLock teamsTeams togetherTeam positionsShared explorationLock speedFull tech treeHidden civsTurbo modeCheats
Victory
Defeat
🇺🇸 Romans · United States
1171
+18
🇵🇪 Mapuche · Peru
1216
-18
squidapuss
9:51 Feudal Age
14:09 Castle Age
11:57 Loom
12:35 Double-Bit Axe
18:04 Ballistics
22:47 Redemption
[Inkas'A] Q-NEO
10:31 Feudal Age
10:32 Champi Runner
11:11 Double-Bit Axe
11:09 Horse Collar
11:16 Horse Collar
12:39 Forging
17:50 Loom
18:15 Gold Mining
20:36 Castle Age
18:39 Scale Mail Armor
20:40 Fletching
21:20 Bodkin Arrow
21:46 Padded Archer Armor
Connection lost

Rejoining the realm…

Still unreachable

The connection could not be restored.

Session expired

The server has moved on; the page needs a fresh start.